 Dungeon Crawl Stone Soup version 0.29.0-4-gdea44cf6ec (webtiles) character file.

Game seed: 5095879263115100203

963 qw the Chopper (level 8, -2/46 HPs)
             Began as a Tengu Warper on Aug 28, 2022.
             Slain by a water moccasin (5 damage)
             ... on level 6 of the Dungeon.
             The game lasted 00:00:28 (5453 turns).

qw the Chopper (Tengu Warper)                       Turns: 5453, Time: 00:00:28

Health: -2/46      AC: 11    Str: 15    XL:     8   Next: 15%
Magic:  12/12      EV:  4    Int: 13    God:
Gold:   300        SH:  9    Dex: 13    Spells: 11/11 levels left

rFire   . . .      SeeInvis .   Y - +1 war axe
rCold   . . .      Faith    .   g - +0 kite shield
rNeg    . . .      Spirit   .   e - +0 plate armour
rPois   .          Reflect  .   (helmet restricted)
rElec   .          Harm     .   (no cloak)
rCorr   .          Rampage  .   (no gloves)
Will    .....                   (boots unavailable)
Stlth   ..........              (no amulet)
HPRegen 0.15/turn               (no ring)
MPRegen 0.13/turn               (no ring)

@: lethally poisoned (-2 -> -9), about to teleport, flying quickly and
evasively, quick
A: beak, talons 3, nimble flight
a: no special abilities


You were on level 6 of the Dungeon.
You visited 1 branch of the dungeon, and saw 6 of its levels.

You collected 300 gold pieces.


Innate Abilities, Weirdness & Mutations

You have a beak for a mouth.
You have claws for feet.
Your magical nature lets you fly swiftly and evasively.


   Skills:
 - Level 3.1 Fighting
 + Level 7.8 Axes
 - Level 1.0 Throwing
 - Level 3.2 Armour
 - Level 2.1 Dodging
 - Level 4.2 Shields
 - Level 2.0 Spellcasting
 - Level 2.4 Translocations


You had 11 spell levels left.
You didn't know any spells.
Your spell library contained the following spells:

 Spells                   Type           Power      Damage    Failure   Level
 Blink                    Tloc           14%        N/A       100%        2
 Gell's Gravitas          Tloc           7%         N/A       100%        3
 Lesser Beckoning         Tloc           7%         N/A       100%        3
 Teleport Other           Tloc           7%         N/A       100%        3
 Manifold Assault         Tloc           7%         N/A       100%        5

Inventory:

Hand Weapons
 b - a +0 morningstar
 Y - a +1 war axe (weapon)
Armour
 e - a +0 plate armour (worn)
 g - a +0 kite shield (worn)
Scrolls
 h - 2 scrolls of teleportation
 m - a scroll of identify
Potions
 a - a potion of berserk rage {unknown}
 c - a potion of mutation {unknown}
 d - 2 potions of might
 f - a potion of haste {unknown}
 j - 3 potions of curing
 k - a potion of ambrosia {unknown}

Dungeon Overview and Level Annotations

Branches:
Dungeon (6/15)
 Temple: D:4-7

Altars:
Nemelex Xobeh
The Shining One

Shops:
D:3 :


Message History

Your peck misses the water moccasin. The water moccasin bites you.
You block the water moccasin's attack.
You closely miss the water moccasin.
You block the water moccasin's attack. x2
You miss the water moccasin. You claw the water moccasin.
Your peck misses the water moccasin.
The water moccasin is lightly wounded.
The water moccasin barely misses you. You block the water moccasin's attack.
You hit the water moccasin. Your kick misses the water moccasin.
The water moccasin is lightly wounded.
The water moccasin bites you.
You are poisoned.
The water moccasin poisons you! The water moccasin bites you!
You are lethally poisoned!
The water moccasin poisons you!
You barely miss the water moccasin. Your kick misses the water moccasin.
The water moccasin is lightly wounded.
You feel extremely sick. You block the water moccasin's attack.
The water moccasin bites you but does no damage.
You closely miss the water moccasin. You claw the water moccasin!
Your peck misses the water moccasin.
The water moccasin is moderately wounded.
You feel extremely sick. You block the water moccasin's attack.
You hit the water moccasin. You claw the water moccasin!
The water moccasin is severely wounded.
You feel very sick. The water moccasin bites you.
The water moccasin bites you but does no damage.
5452 ||| READING 3 scrolls of teleportation.
As you read the scroll of teleportation, it crumbles to dust.
You feel strangely unstable.
You feel very sick.
You block the water moccasin's attack. x2
You barely miss the water moccasin. You claw the water moccasin.
The water moccasin is almost dead.
You feel very sick. The water moccasin bites you.
You die...

.. #. #. #.
#. .#####.
.......####
#.S.#
#@#...o..o
#.####..#.
##.# .o.
#..# . #.##
#.# ## #.#
#. #.## #.
#..# .


You could see a water moccasin.

Vanquished Creatures
  Sigmund (D:2)
  A water moccasin (D:5)
  An ice beast (D:6)
  A black bear (D:5)
  A phantom (D:5)
  A scorpion (D:4)
  A jelly (D:4)
  An orc priest (D:5)
  3 hounds
  Jessica (D:3)
  2 iguanas
  A gnoll (D:1)
  4 adders
  A white imp (D:5)
  An ufetubus (D:5)
  3 worms
  4 dart slugs
  6 orcs
  11 ball pythons
  7 endoplasms
  2 giant cockroaches
  7 goblins
  9 hobgoblins
  3 jackals (D:3)
  5 kobolds
  2 quokkas (D:1)
  4 bats
  2 frilled lizards (D:2)
  3 rats
89 creatures vanquished.

Notes
Turn   | Place    | Note
-------+----------+-------------------------------------------
     0 | D:1      | qw the Tengu Warper began the quest for the Orb.
     0 | D:1      | Reached XP level 1. HP: 12/12 MP: 4/4
     0 | D:1      | 0 ||| qw: Version: 0.1-a-89-g26bdef1
     0 | D:1      | 0 ||| qw: Game counter: 1279
     0 | D:1      | 0 ||| qw: Always use a shield: true
     0 | D:1      | 0 ||| qw: God list: Okawaru
     0 | D:1      | 0 ||| qw: Allow faded altars: false
     0 | D:1      | 0 ||| qw: Do Orc after D:15 true
     0 | D:1      | 0 ||| qw: Do second Lair branch before Depths: true
     0 | D:1      | 0 ||| qw: Lair rune preference: random
     0 | D:1      | 0 ||| qw: Plans: Normal
     0 | D:1      | 0 ||| PLANNING D:1-11
     7 | D:1      | 7 ||| Stepping ~*~*~tactically~*~*~ (hiding).
    14 | D:1      | Reached skill level 3 in Axes
    14 | D:1      | Reached XP level 2. HP: 7/17 MP: 6/6
   460 | D:1      | Found a faded altar of an unknown god.
   474 | D:1      | Reached XP level 3. HP: 10/21 MP: 7/7
   756 | D:1      | 756 ||| Stepping ~*~*~tactically~*~*~ (stealth).
   767 | D:1      | 767 ||| Stepping ~*~*~tactically~*~*~ (stealth).
   804 | D:1      | 804 ||| Stepping ~*~*~tactically~*~*~ (stealth).
   805 | D:1      | 805 ||| Stepping ~*~*~tactically~*~*~ (stealth).
   809 | D:1      | 809 ||| Stepping ~*~*~tactically~*~*~ (stealth).
   885 | D:1      | Reached skill level 4 in Axes
  1238 | D:1      | 1238 ||| UPGRADING to +0 chain mail.
  1248 | D:1      | 1248 ||| DROPPING +0 leather armour.
  1249 | D:1      | 1249 ||| READING scroll labelled TOAXKO GOL ESCH.
  1250 | D:1      | 1250 ||| READING scroll labelled LOUPEMMYASO.
  1251 | D:1      | 1251 ||| READING scroll labelled MOUPPUKEET.
  1252 | D:1      | 1252 ||| READING 3 scrolls labelled KONOHA FOCAPET.
  1253 | D:1      | 1253 ||| READING scroll labelled AFRORU USHRYPTE.
  1254 | D:1      | 1254 ||| DRINKING 3 fuming puce potions.
  1255 | D:1      | 1255 ||| READING 2 scrolls of identify.
  1255 | D:1      | 1255 ||| IDENTIFYING orange potion
  1256 | D:1      | 1256 ||| DROPPING scroll of blinking.
  1257 | D:1      | 1257 ||| Stepping randomly (stuck).
  1258 | D:1      | 1258 ||| Stepping ~*~*~tactically~*~*~ (cloud).
  1263 | D:1      | HP: 5/21 [poisoned by you (poison gas)]
  1266 | D:1      | HP: 2/21 [poisoned by you (poison gas)]
  1510 | D:1      | 1510 ||| Stepping ~*~*~tactically~*~*~ (stealth).
  1588 | D:2      | 1588 ||| Stepping ~*~*~tactically~*~*~ (hiding).
  1678 | D:2      | Reached XP level 4. HP: 21/26 MP: 8/8
  1808 | D:2      | 1808 ||| DROPPING +0 club.
  1850 | D:2      | HP: 6/26 [poisoned by an adder]
  2149 | D:2      | Noticed Sigmund
  2150 | D:2      | 2150 ||| Stepping ~*~*~tactically~*~*~ (hiding).
  2164 | D:2      | HP: 6/26 [Sigmund/+0 scythe (7)]
  2165 | D:2      | 2165 ||| DRINKING potion of heal wounds.
  2166 | D:2      | Killed Sigmund
  2167 | D:2      | Reached skill level 6 in Axes
  2167 | D:2      | Gained mutation: Your magical nature lets you fly swiftly
                  | and evasively. [Tengu growth]
  2167 | D:2      | Reached XP level 5. HP: 30/30 MP: 9/9
  2167 | D:2      | Reached XP level 6. HP: 35/35 MP: 10/10
  2175 | D:2      | 2175 ||| Stepping ~*~*~tactically~*~*~ (stealth).
  2402 | D:2      | 2402 ||| READING scroll labelled AXTEOG GOMM.
  2403 | D:2      | 2403 ||| READING scroll labelled XIDU NIOTUOT.
  2404 | D:2      | 2404 ||| READING scroll labelled RON JUHERUGG.
  2405 | D:2      | 2405 ||| DRINKING 2 grey potions.
  2444 | D:3      | 2444 ||| DROPPING +0 whip.
  2479 | D:3      | 2479 ||| Stepping ~*~*~tactically~*~*~ (stealth).
  2484 | D:3      | 2484 ||| Stepping ~*~*~tactically~*~*~ (stealth).
  2496 | D:3      | 2496 ||| DROPPING +0 flail.
  2528 | D:3      | 2528 ||| SWAPPING to +0 war axe.
  2529 | D:3      | 2529 ||| DROPPING +0 hand axe.
  2595 | D:3      | Noticed Jessica
  2596 | D:3      | 2596 ||| Stepping ~*~*~tactically~*~*~ (stealth).
  2606 | D:3      | 2606 ||| Stepping ~*~*~tactically~*~*~ (stealth).
  2607 | D:3      | 2607 ||| Stepping ~*~*~tactically~*~*~ (stealth).
  2621 | D:3      | Found Wothesol's Book Emporium.
  2719 | D:3      | 2719 ||| Stepping ~*~*~tactically~*~*~ (hiding).
  2736 | D:3      | 2736 ||| Stepping ~*~*~tactically~*~*~ (stealth).
  2737 | D:3      | 2737 ||| Stepping ~*~*~tactically~*~*~ (stealth).
  2764 | D:3      | 2764 ||| Stepping ~*~*~tactically~*~*~ (stealth).
  2800 | D:3      | 2800 ||| Stepping ~*~*~tactically~*~*~ (hiding).
  2812 | D:3      | 2812 ||| Stepping ~*~*~tactically~*~*~ (hiding).
  2816 | D:3      | Killed Jessica
  3157 | D:3      | Reached skill level 7 in Axes
  3266 | D:3      | 3266 ||| UPGRADING to +0 plate armour.
  3276 | D:3      | 3276 ||| DROPPING +0 chain mail.
  3277 | D:3      | 3277 ||| READING scroll labelled KEHUPH OHEXT.
  3282 | D:3      | 3282 ||| READING 3 scrolls of identify.
  3282 | D:3      | 3282 ||| IDENTIFYING purple potion
  3283 | D:3      | 3283 ||| READING 2 scrolls of identify.
  3283 | D:3      | 3283 ||| IDENTIFYING coppery potion
  3284 | D:3      | 3284 ||| DROPPING potion of degeneration.
  3285 | D:3      | 3285 ||| DROPPING potion of brilliance.
  3372 | D:4      | 3372 ||| Stepping ~*~*~tactically~*~*~ (stealth).
  3384 | D:4      | HP: 8/36 [poisoned by a scorpion]
  3386 | D:4      | Reached skill level 3 in Fighting
  3656 | D:4      | Reached XP level 7. HP: 22/41 MP: 11/11
  4116 | D:4      | Found a glowing golden altar of the Shining One.
  4218 | D:4      | 4218 ||| UPGRADING to +0 kite shield.
  4223 | D:4      | 4223 ||| DRINKING 2 silvery potions.
  4224 | D:4      | 4224 ||| DRINKING 2 fizzy pink potions.
  4225 | D:4      | 4225 ||| DROPPING potion of attraction.
  4226 | D:4      | 4226 ||| DROPPING potion of invisibility.
  4246 | D:5      | Entered Level 5 of the Dungeon
  4422 | D:5      | Found a sparkling altar of Nemelex Xobeh.
  4454 | D:5      | Reached skill level 3 in Shields
  4792 | D:5      | 4792 ||| Stepping ~*~*~tactically~*~*~ (stealth).
  4809 | D:5      | Reached skill level 3 in Armour
  5168 | D:5      | 5168 ||| Stepping ~*~*~tactically~*~*~ (hiding).
  5347 | D:5      | 5347 ||| READING scroll labelled ZOIRARH HEXO.
  5390 | D:6      | 5390 ||| Stepping ~*~*~tactically~*~*~ (stealth).
  5399 | D:6      | Reached XP level 8. HP: 46/46 MP: 12/12
  5438 | D:6      | 5438 ||| Stepping ~*~*~tactically~*~*~ (stealth).
  5442 | D:6      | 5442 ||| Stepping ~*~*~tactically~*~*~ (stealth).
  5451 | D:6      | HP: 11/46 [poisoned by a water moccasin]
  5452 | D:6      | 5452 ||| READING 3 scrolls of teleportation.
  5452 | D:6      | HP: 5/46 [poisoned by a water moccasin]
  5453 | D:6      | Slain by a water moccasin

Levels and vault maps discovered:
D:1:      lemuel_arrival_hallway, layout_loops_ring,
          nicolae_ecumenical_snake_handling
D:2:      layout_rooms, kennysheep_generic_room_12, uniq_sigmund
D:3:      layout_loops_ring, serial_shops, shop_statue, nrook_mini_backslash,
          chequers_decorated_corner, uniq_jessica
D:4:      layout_rooms, mainiacjoe_overflow_surrounded_room,
          corexii_checkpoint_b
D:5:      layout_loops_ring, lemuel_crystal_altar, grunt_ministairs_10
D:6:      layout_loops_cross, minmay_temple_entry_grid, serial_shops, shop,
          uniq_crazy_yiuf_cottage, uniq_eustachio

Skill      XL: |  1  2  3  4  5  6  7 |
---------------+----------------------+-----
Axes           | 3 4 6 7 |  7.8
Armour         | 2 3 |  3.2
Fighting       | 3 |  3.1
Shields        | 4 |  4.2
Throwing       | |  1.0
Dodging        | |  2.1
Spellcasting   | |  2.0
Translocations | |  2.4

Action                   |  1- 3 |  4- 6 |  7- 9 || total
-------------------------+-------+-------+-------++-------
Melee: Hand axe          |    71 |    43 |       ||   114
       Kick              |    13 |    27 |    17 ||    57
       Peck              |    12 |    13 |    10 ||    35
       War axe           |       |    58 |    80 ||   138
Throw: Boomerang         |     7 |       |       ||     7
  Use: Scroll            |     6 |     6 |     2 ||    14
       Potion            |     1 |     2 |     2 ||     5
Armor: Leather armour    |    11 |       |       ||    11
       Chain mail        |     3 |    35 |       ||    38
       Plate armour      |       |    12 |    60 ||    72
Dodge: Dodged            |    25 |    30 |    10 ||    65
Block: Kite shield       |       |       |    43 ||    43

Table legend:
 A = Non-vault XP
 B = Vault XP
 C = Vault XP percentage of total XP
 D = Non-vault monster count
 E = Vault monster count
 F = Vault count percentage of total count
                 A         B        C        D         E       F
            +---------+---------+-------+---------+---------+-------
      Total |    1085 |     292 |  21.2 |      80 |       9 |  10.1
            +---------+---------+-------+---------+---------+-------
        D:1 |      49 |       4 |   7.5 |      20 |       2 |   9.1
        D:2 |      59 |     228 |  79.4 |      20 |       2 |   9.1
        D:3 |      55 |      37 |  40.2 |      19 |       1 |   5.0
        D:4 |     208 |       5 |   2.3 |       8 |       2 |  20.0
        D:5 |     533 |      18 |   3.3 |      11 |       2 |  15.4
        D:6 |     181 |       0 |   0.0 |       2 |       0 |   0.0
            +---------+---------+-------+---------+---------+-------
